 Dungeon Crawl Stone Soup version 0.29-a0-925-g0a7a3d12f8 (webtiles) character file.

Game seed: 18419135385179566217

2620 snetch the Cleaver (level 9, -8/118 HPs)
             Began as a Minotaur Berserker on July 28, 2022.
             Was an Elder of Trog.
             Mangled by a vampire (11 damage)
             ... on level 7 of the Dungeon.
             The game lasted 00:19:52 (7637 turns).

snetch the Cleaver (Minotaur Berserker)             Turns: 7637, Time: 00:19:53

Health: -8/118     AC: 14    Str: 26    XL:     9   Next: 34%
Magic:  8/8        EV:  9    Int: 16    God:    Trog [****..]
Gold:   316        SH:  0    Dex: 10    Spells: 8/8 levels left

rFire   . . .      SeeInvis .   a - +0 war axe (vamp)
rCold   + . .      Faith    .   (no shield)
rNeg    . . .      Spirit   .   G - +0 chain mail {rC+}
rPois   .          Reflect  .   (helmet restricted)
rElec   .          Harm     .   U - +0 cloak
rCorr   .          Rampage  .   (no gloves)
Will    ++...                   l - +1 pair of boots
Stlth   ..........              (no amulet)
HPRegen 1.29/turn               g - +6 ring of intelligence
MPRegen 0.11/turn               S - +6 ring of intelligence

@: berserking, strong-willed, regenerating, very quick
A: horns 2, retaliatory headbutt
a: Renounce Religion, Berserk, Trog's Hand, Brothers in Arms


You were on level 7 of the Dungeon.
You worshipped Trog.
Trog was greatly pleased with you.
You visited 2 branches of the dungeon, and saw 9 of its levels.
You also visited: Ossuary.

You collected 316 gold pieces.

Inventory:

Hand Weapons
 a - a +0 vampiric war axe (weapon)
 b - a +0 trident
 c - a +0 morningstar
Missiles
 e - 77 stones
 k - 12 boomerangs
 v - 16 poisoned darts (quivered)
 A - a throwing net
 W - 2 curare-tipped darts
Armour
 l - a +1 pair of boots (worn)
 G - a +0 chain mail of cold resistance (worn)
 U - a +0 cloak (worn)
Jewellery
 f - a ring of fire
 g - a +6 ring of intelligence (left hand)
 w - a +6 ring of intelligence
 y - a ring of ice
 Q - a ring of ice
 S - a +6 ring of intelligence (right hand)
Wands
 r - a wand of flame (21)
 J - a wand of charming (4)
 X - a wand of iceblast (5)
Scrolls
 d - 6 scrolls of teleportation {unknown}
 h - 3 scrolls of enchant armour {unknown}
 i - 2 scrolls of summoning {unknown}
 m - 2 scrolls of vulnerability {unknown}
 n - 2 scrolls of fear {unknown}
 o - a scroll of butterflies {unknown}
 q - 5 scrolls of amnesia {unknown}
 t - 6 scrolls of noise
 B - a scroll of magic mapping {unknown}
 H - 8 scrolls of identify {unknown}
 K - a scroll of torment {unknown}
 L - a scroll of silence {unknown}
 P - a scroll of enchant weapon {unknown}
 Z - a scroll of blinking {unknown}
Potions
 j - 4 potions of attraction {unknown}
 p - 6 potions of degeneration
 s - 3 potions of flight {unknown}
 u - a potion of berserk rage {unknown}
 z - 3 potions of lignification {unknown}
 C - 2 potions of brilliance {unknown}
 D - 4 potions of heal wounds {unknown}
 E - a potion of might {unknown}
 F - a potion of invisibility {unknown}
 I - a potion of resistance {unknown}
 M - a potion of haste {unknown}
 N - 2 potions of mutation
 O - a potion of magic {unknown}
 R - 5 potions of curing


   Skills:
 + Level 7.5 Fighting
 + Level 11.6 Axes
 + Level 0.8 Throwing
 + Level 7.6 Armour
 + Level 3.2 Dodging
 + Level 1.2 Stealth


You had 8 spell levels left.
You didn't know any spells.
Your spell library contained the following spells:

 Spells                   Type           Power      Damage    Failure   Level
 Sublimation of Blood     Necr           0%         N/A       89%         2
 Petrify                  Tmut/Erth      0%         N/A       100%        4
 Irradiate                Conj/Tmut      0%         3d11      100%        5


Dungeon Overview and Level Annotations

Branches:
Dungeon (8/15)             Temple (1/1) D:6         Ossuary (visited)
   Lair: D:8-11

Altars:
Ashenzari
Cheibriados
Dithmenos
Elyvilon
Fedhas
Gozag
Hepliaklqana
Kikubaaqudgha
Okawaru
Qazlal
Ru
Trog
Uskayaw
Vehumet
Wu Jian
Xom
Zin
The Shining One


Innate Abilities, Weirdness & Mutations

You have a pair of horns on your head.
You reflexively headbutt those who attack you in melee.


Message History

Something draws strength from your injuries!
You hit something. Your headbutt misses something.
Something hits you but does no damage. Something bites you.
Something draws strength from your injuries!
You barely miss something. Your headbutt misses something. Something hits you!
Something bites you but does no damage.
You hit something but do no damage. Something hits you.
Something bites you but does no damage.
You barely miss something. Something hits you but does no damage.
Something bites you but does no damage.
You barely miss something. Something hits you but does no damage.
Something bites you!
Something draws strength from your injuries!
You barely miss something. You headbutt something.
Something hits you but does no damage. Something bites you.
* * * LOW HITPOINT WARNING * * *
Something draws strength from your injuries!
You miss something. Your headbutt misses something. Something hits you!
* * * LOW HITPOINT WARNING * * *
Something bites you!
* * * LOW HITPOINT WARNING * * *
Something draws strength from your injuries!
It was a potion of curing.
You feel better. Something hits you but does no damage. Something bites you.
* * * LOW HITPOINT WARNING * * *
Something draws strength from your injuries!
Something hits you.
* * * LOW HITPOINT WARNING * * *
Something bites you but does no damage.
A red film seems to cover your vision as you go berserk!
You feel yourself moving faster!
You feel mighty! Something hits you but does no damage. Something bites you.
* * * LOW HITPOINT WARNING * * *
Something draws strength from your injuries!
You slash something! You closely miss something.
Something hits you but does no damage. Something bites you but does no damage.
You miss something. Your headbutt misses something.
Something hits you but does no damage. Something bites you!
You die...

#.......#..... #......
#.......#..... #......
#.......+....# ##..##.
#.......#....################.
#.......#............[........
######..##...##...............
##..##...##...............
#...'..<..#...............
#...#....@#...............
##..##.#..{...#..#....###.
#####.######## #### #.
.........# .. .........# ..
.##.....## ... #######


There were no monsters in sight!

Vanquished Creatures
  A wyvern (D:7)
  A steam dragon (D:7)
  2 water moccasins
  3 ice beasts
  An orc warrior (D:6)
  2 ogres (D:4)
  2 centaurs
  3 kobold brigands
  A phantom (D:6)
  A necrophage (D:6)
  3 bullfrogs (D:6)
  4 scorpions
  A centaur zombie (Ossuary)
  A hound (D:5)
  3 jellies
  2 orc priests
  2 iguanas
  Natasha (thrice) (D:2)
  2 orc wizards
  4 mummies (Ossuary)
  8 adders
  4 white imps
  An ufetubus (D:7)
  3 worms
  27 orcs
  7 ball pythons
  6 endoplasms
  5 giant cockroaches
  A gnoll zombie (Ossuary)
  5 goblins
  5 hobgoblins
  24 kobolds
  4 quokkas
  6 bats
  2 frilled lizards
  A goblin zombie (Ossuary)
  2 kobold zombies (Ossuary)
  3 orc zombies (Ossuary)
  6 rats
162 creatures vanquished.

Notes
Turn   | Place    | Note
-------+----------+-------------------------------------------
     0 | D:1      | snetch the Minotaur Berserker began the quest for the Orb.
     0 | D:1      | Reached XP level 1. HP: 19/19 MP: 0/0
   279 | D:1      | Reached skill level 4 in Axes
   279 | D:1      | Reached XP level 2. HP: 14/27 MP: 1/1
   450 | D:2      | Noticed Natasha
   460 | D:2      | Killed Natasha
   461 | D:2      | Reached XP level 3. HP: 24/35 MP: 2/2
   717 | D:1      | Found a faded altar of an unknown god.
   762 | D:1      | You fall into a shaft and drop 1 floor!
  1116 | D:1      | Reached ** piety under Trog
  1568 | D:2      | Noticed Natasha
  1578 | D:2      | Killed Natasha
  1579 | D:2      | Reached skill level 5 in Fighting
  1579 | D:2      | Reached XP level 4. HP: 10/42 MP: 3/3
  1652 | D:2      | Noticed Natasha
  1664 | D:2      | Killed Natasha
  2619 | D:3      | Noticed a scorpion
  2628 | D:3      | Killed a scorpion
  2629 | D:3      | Reached skill level 5 in Axes
  2629 | D:3      | Reached XP level 5. HP: 28/48 MP: 4/4
  3018 | D:3      | Found a broken altar of Ashenzari.
  3515 | D:4      | Found a shimmering altar of Xom.
  3519 | D:4      | Reached skill level 6 in Axes
  3639 | D:4      | Reached XP level 6. HP: 56/56 MP: 5/5
  3890 | D:5      | Entered Level 5 of the Dungeon
  3940 | D:4      | Found a glowing silver altar of Zin.
  3949 | D:4      | Reached skill level 7 in Axes
  4161 | D:4      | Noticed an ice beast
  4165 | D:4      | Killed an ice beast
  4166 | D:4      | Reached XP level 7. HP: 61/61 MP: 6/6
  4183 | D:4      | Reached *** piety under Trog
  4505 | D:4      | Reached skill level 8 in Axes
  4979 | D:6      | Reached skill level 9 in Axes
  4979 | D:6      | Reached skill level 5 in Armour
  4979 | D:6      | Reached XP level 8. HP: 34/71 MP: 7/7
  5023 | D:6      | Found a sand-covered staircase.
  5057 | Ossuary  | Entered an ossuary
  5419 | Ossuary  | Reached skill level 1 in Stealth
  5646 | D:5      | Reached skill level 10 in Axes
  5962 | D:5      | Reached **** piety under Trog
  6552 | D:6      | Reached XP level 9. HP: 79/79 MP: 8/8
  6613 | D:6      | Reached skill level 11 in Axes
  6741 | D:6      | Found a staircase to the Ecumenical Temple.
  6750 | Temple   | Entered the Ecumenical Temple
  7515 | D:7      | Found a sacrificial altar of Ru.
  7630 | D:7      | HP: 2/79 [something (11)]
  7637 | D:7      | Mangled by a vampire

Illustrated notes

Levels and vault maps discovered:
D:1:      beargit_arrival_greenhouse, layout_loops_corners,
          hellmonk_ecumenical_altar_inner_sanctum
D:2:      layout_basic, uniq_natasha
D:3:      layout_rooms, evilmike_ruin_ashenzari, chequers_garden,
          hangedman_decor_points, minmay_misc_feat_enclosed, minmay_checkerbox
D:4:      layout_loops_corners, mainiacjoe_overflow_concentric_impassable,
          lemuel_crystal_altar, grunt_ministairs_14
D:5:      layout_basic, amethyst_killhole
D:6:      layout_rooms, lemuel_temple_firewalk_b, nicolae_ossuary_entry_monument
D:7:      layout_gridville, lemuel_doored_altar
D:8:      layout_basic, yredelemnul_altar_generic, lair_entry_dummy,
          ebering_ghost_gozag
Temple:   compressed_dpeg_circular_temple

Skill      XL: |  1  2  3  4  5  6  7  8  9 |
---------------+----------------------------+-----
Axes           | 4 5 6 7 9 10 11 | 11.6
Fighting       | 4 5 6 7 |  7.5
Armour         | 3 4 5 7 |  7.6
Dodging        | 3 |  3.2
Stealth        | 1 |  1.2
Throwing       | |  0.8

Action                   |  1- 3 |  4- 6 |  7- 9 || total
-------------------------+-------+-------+-------++-------
Melee: Hand axe          |    64 |    22 |       ||    86
       Headbutt          |     9 |    15 |    47 ||    71
       Punch             |     1 |     1 |     4 ||     6
       Battleaxe         |       |    63 |       ||    63
       War axe           |       |    28 |   221 ||   249
Throw: Stone             |       |     6 |       ||     6
       Dart              |       |     2 |     1 ||     3
Invok: Berserk           |     1 |     1 |     2 ||     4
       Trog's Hand       |       |       |     1 ||     1
  Use: Potion            |       |       |     1 ||     1
Armor: Animal skin       |     3 |       |       ||     3
       Scale mail        |    28 |    10 |       ||    38
       Chain mail        |       |    58 |   144 ||   202
Dodge: Dodged            |    32 |    50 |    89 ||   171

Table legend: (Time is in decaauts)
 A = Elapsed time spent in this place.
 B = Non-inter-level travel time spent in this place.
 C = Inter-level travel time spent in this place.
 D = Time resting spent in this place.
 E = Time spent auto-exploring this place.
 F = Levels seen in this place.
 G = Mean time per level.
                   A        B        C        D        E       F      G
               +--------+--------+--------+--------+--------+-----+--------+
         Total |   7726 |   7194 |    532 |     81 |   5178 |  10 |  772.6 |
       Dungeon |   7162 |   6650 |    512 |     81 |   4771 |   8 |  895.2 |
        Temple |    107 |     87 |     20 |      0 |     63 |   1 |  107.0 |
       Ossuary |    456 |    456 |      0 |      0 |    344 |   1 |  456.0 |
               +--------+--------+--------+--------+--------+-----+--------+

Top non-repeatable levels by time:
     D:2: 1405 daAuts
     D:4: 1358 daAuts
     D:1: 1202 daAuts
     D:5: 1040 daAuts
     D:3: 967 daAuts
     D:6: 697 daAuts
     D:7: 471 daAuts
 Ossuary: 456 daAuts
  Temple: 107 daAuts
     D:8: 18 daAuts
